 Dungeon Crawl Stone Soup version 0.21.1-1-g345015fe64 (webtiles) character file.

660 Ivernyr the Chucker (level 7, -2/37 HPs)
             Began as a Vine Stalker Monk on June 10, 2018.
             Slain by Crazy Yiuf
             ... wielding a +4 quarterstaff of chaos
              (15 damage)
             ... on level 3 of the Dungeon.
             The game lasted 00:10:57 (3426 turns).

Ivernyr the Chucker (Vine Stalker Monk)             Turns: 3426, Time: 00:10:58

Health: -2/37      AC: 10    Str: 13    XL:     7   Next: 56%
Magic:  0/8        EV:  7    Int: 10    God:
Gold:   139        SH:  0    Dex: 19    Spells: 6/6 levels left

rFire    . . .     SeeInvis .   a - +0 falchion
rCold    . . .     Gourm    .   (no shield)
rNeg     . . .     Faith    +   b - +0 chain mail
rPois    .         Spirit   +   l - +2 hat
rElec    .         Reflect  .   (no cloak)
rCorr    .         Harm     .   (no gloves)
MR       .....                  (no boots)
Stlth    ..........             e - amulet of faith
HPRegen  0.52/turn              (no ring)
MPRegen  0.11/turn              (no ring)

@: lethally poisoned (-2 -> -3), slowed, very slow
A: fangs 2, regeneration 1, magic shield, antimagic bite, no potion heal 3, rot
immunity
a: no special abilities


You were on level 3 of the Dungeon.
You were hungry.

You visited 1 branch of the dungeon, and saw 3 of its levels.

You collected 139 gold pieces.

Inventory:

Hand Weapons
 a - a +0 falchion (weapon)
Armour
 b - a +0 chain mail (worn)
 l - a +2 hat (worn)
Jewellery
 e - an amulet of faith (around neck)
Wands
 n - a wand of paralysis (11)
Scrolls
 d - a scroll of enchant weapon {unknown}
 f - a scroll of remove curse
 i - a scroll of blinking {unknown}
 m - a scroll of magic mapping {unknown}
 p - a scroll of amnesia {unknown}
Potions
 g - a potion of curing
 h - a potion of mutation {unknown}
 k - a potion of invisibility {unknown}
 o - a potion of berserk rage {unknown}
Comestibles
 c - 5 rations


   Skills:
 + Level 4.2 Fighting
 + Level 4.2 Long Blades
 * Level 4.3 Throwing
 + Level 2.6 Armour
 - Level 2.4 Dodging
 - Level 2.4 Stealth


You had 6 spell levels left.
You didn't know any spells.

Dungeon Overview and Level Annotations

Branches:
Dungeon (3/15)

Altars:
Okawaru
Sif Muna

Annotations:
D:3 Crazy Yiuf


Innate Abilities, Weirdness & Mutations

You have extremely sharp teeth.
Your natural rate of healing is unusually fast.
When hurt, damage is shared between your health and your magic reserves.
Your bite disrupts and absorbs the magic of your enemies.
Potions cannot restore your health.
You are immune to rotting.


Message History

Your bite misses Crazy Yiuf.
Crazy Yiuf is moderately wounded.
You slash Crazy Yiuf! You bite Crazy Yiuf. You drain his power.
Crazy Yiuf is severely wounded.
You feel sick. Crazy Yiuf hits you but does no damage.
You feel yourself slow down.
Unknown command.
You hit Crazy Yiuf but do no damage. You bite Crazy Yiuf. You drain his power.
Crazy Yiuf is severely wounded.
You feel sick.
Crazy Yiuf hits you with a quarterstaff of chaos!
You are electrocuted!
Unknown command.
You feel sick.
You hit Crazy Yiuf but do no damage. You bite Crazy Yiuf, but do no damage.
Crazy Yiuf is severely wounded.
Crazy Yiuf hits you but does no damage.
Crazy Yiuf hits you with a quarterstaff of chaos.
You are electrocuted!
You die...

.....##.#
##.#.#.^##########
##...#..........#
####.#..##...###.#
#..>....###### ###
...[....# ##########
#.#.##..#
#######.........
#.##.##.# ###
###.#....#########
#.###.#.#
#...##@.#.......)..)).)
.....#..#
#...'g####......##.#(##
.......)# #)..###
##....###.#.# ..##.#.>#
### ########.#.#
..##.#.## #.....#.#
#.##.#.# #######.#
..##.#.### ### #.##
.......#.# #.# #...
.###<###.# #.# ###.


You could see Crazy Yiuf.

Vanquished Creatures
  Grinder (D:3)
  Sigmund (D:3)
  The ghost of Feydarkin the Gusty, an amateur DrAE (D:3)
  A crimson imp (D:3)
  5 adders
  7 gnolls (D:3)
  A worm (D:2)
  A dart slug (D:2)
  A leopard gecko (D:2)
  An orc (D:3)
  4 giant cockroaches
  10 hobgoblins
  8 jackals
  9 bats
  7 frilled lizards
  6 goblins
  8 kobolds
  8 rats
80 creatures vanquished.

Notes
Turn   | Place    | Note
-------+----------+-------------------------------------------
     0 | D:1      | Ivernyr the Vine Stalker Monk began the quest for the Orb.
     0 | D:1      | Reached XP level 1. HP: 11/11 MP: 2/2
   110 | D:1      | Reached XP level 2. HP: 7/16 MP: 3/3
   320 | D:1      | Reached skill level 1 in Throwing
   804 | D:1      | Reached XP level 3. HP: 16/19 MP: 4/4
  1531 | D:2      | Reached skill level 1 in Armour
  1531 | D:2      | Gained mutation: Your natural rate of healing is unusually fast. [Vine Stalker growth]
  1531 | D:2      | Reached XP level 4. HP: 24/24 MP: 5/5
  1751 | D:2      | Found an iron altar of Okawaru.
  2021 | D:2      | Found a deep blue altar of Sif Muna.
  2277 | D:3      | Reached XP level 5. HP: 28/28 MP: 6/6
  2340 | D:3      | Noticed Feydarkin's ghost (amateur DrAE)
  2769 | D:3      | Noticed Sigmund
  2850 | D:3      | Killed Sigmund
  2850 | D:3      | Reached XP level 6. HP: 21/33 MP: 3/7
  2970 | D:3      | Found a runed door.
  2970 | D:3      | Noticed Grinder
  3006 | D:3      | Paralysed by Grinder for 3 turns
  3017 | D:3      | Killed Grinder
  3017 | D:3      | Reached XP level 7. HP: 34/37 MP: 8/8
  3282 | D:3      | Killed Feydarkin's ghost
  3416 | D:3      | Noticed Crazy Yiuf
  3426 | D:3      | Slain by Crazy Yiuf

Skill      XL: |  1  2  3  4  5  6 |
---------------+-------------------+-----
Throwing       | 1 2 3 4 |  4.3
Long Blades    | 3 4 |  4.2
Fighting       | 3 4 |  4.2
Armour         | 1 2 |  2.6
Dodging        | |  2.4
Stealth        | |  2.4

Action                   |  1- 3 |  4- 6 |  7- 9 || total
-------------------------+-------+-------+-------++-------
Melee: Falchion          |    94 |   166 |    51 ||   311
       Bite              |    33 |    67 |    24 ||   124
  Use: Scroll            |       |     4 |       ||     4
 Stab: Sleeping          |     5 |       |       ||     5
  Eat: Chunk             |     2 |     5 |     1 ||     8
Armor: Robe              |    17 |       |       ||    17
       Ring mail         |     4 |     3 |       ||     7
       Chain mail        |       |    85 |    29 ||   114
Dodge: Dodged            |    71 |    38 |    24 ||   133
       Rpst.: Falchion   |    26 |    17 |     7 ||    50
